[Event "ICC tourney 1901 (45 10)"]
[Site "Internet Chess Club"]
[Date "2020.07.04"]
[Round "3"]
[White "shianen"]
[Black "ganzy"]
[Result "1-0"]
[ICCResult "Black resigns"]
[WhiteElo "1597"]
[BlackElo "1488"]
[Opening "King's Indian: orthodox, Aronin-Taimanov, 9.Ne1"]
[ECO "E98"]
[NIC "KI.03"]
[Time "16:04:19"]
[TimeControl "2700+10"]

1. d4 Nf6 2. c4 g6 3. Nc3 Bg7 4. e4 d6 5. Nf3 O-O 6. Be2 e5 7. O-O Nc6 8. d5
Ne7 9. Ne1 Ne8 10. f3 f5 11. g4 Bd7 12. Nd3 a5 13. Be3 b6 14. b3 Qc8 15. a3
fxg4 16. fxg4 Rxf1+ 17. Kxf1 Nf6 18. Nf2 h6 19. h4 Qf8 20. Kg2 Nh7 21. b4 g5
22. h5 Qb8 23. Qc1 Nf6 24. Rb1 Qc8 25. Kg3 axb4 26. axb4 Rb8 27. c5 Qf8 28.
c6 Be8 29. Ra1 Bf7 30. Ra7 Qd8 31. Nb5 Ne8 32. Qa1 Nc8 33. Ra8 Ne7 34. Rxb8
Qxb8 35. Qa6 Qd8 36. Qb7 Bf8 37. Nxc7 Qxc7 38. Bxb6 Qc8 39. Ba6 Be6 40. Qa7
Nxc6 41. Bxc8 Nxa7 42. Bxe6+ Kg7 43. Bxa7 Nc7 44. Bd7 Kf7 45. b5 Ke7 46. Bc6
Kd8 47. Nd3 Be7 48. Nb4 Kc8 49. b6 {Black resigns} 1-0

[Event "ICC tourney 1901 (45 10)"]
[Site "Internet Chess Club"]
[Date "2020.07.04"]
[Round "3"]
[White "Venom2020"]
[Black "jy2020"]
[Result "1-0"]
[ICCResult "Black resigns"]
[WhiteElo "1584"]
[BlackElo "1649"]
[Opening "Sicilian: Najdorf, Lipnitzky attack"]
[ECO "B86"]
[NIC "SI.13"]
[Time "16:04:23"]
[TimeControl "2700+10"]

1. e4 c5 2. Nf3 d6 3. d4 cxd4 4. Nxd4 Nf6 5. Nc3 a6 6. Bc4 e6 7. Bb3 Be7 8.
g4 O-O 9. g5 Ne8 10. h4 b5 11. Be3 Bb7 12. f3 Nd7 13. Qd2 Nc5 14. O-O-O b4
15. Na4 a5 16. h5 Nc7 17. g6 Nxb3+ 18. axb3 Bf6 19. Rdg1 Qe7 20. gxh7+ Kh8
21. Bg5 Rad8 22. Qg2 Bxg5+ 23. Qxg5 Qxg5+ 24. Rxg5 e5 25. Nf5 Ne6 26. Rg2 d5
27. Re1 dxe4 28. fxe4 Kxh7 29. Nb6 f6 30. Nc4 Rd7 31. Kb1 Rfd8 32. Rgg1 Nc5
33. Nxa5 Bxe4 34. Ng3 Bd5 35. Nf5 Ra8 36. Nc4 Rda7 37. Kc1 Rd8 38. Ncd6 Be6
39. Kb1 Rad7 40. Rg6 Rxd6 41. Nxd6 Rxd6 42. Reg1 Rd7 43. h6 Bf5 44. Rxg7+
Rxg7 45. hxg7 Be6 46. Kc1 f5 47. Rg5 Ne4 48. g8=Q+ Bxg8 49. Rxf5 Kg6 50.
Rxe5 Nd6 51. Ra5 Kf6 52. Ra6 Ke5 53. Rb6 Bh7 54. Rxb4 Kd5 55. Rh4 Be4 56. c3
Kc5 57. Rh5+ Kc6 58. Kd2 Bd5 59. c4 Bf7 60. Rh6 Kd7 61. Kc3 Be6 62. Kb4 Nf5
63. Rg6 Ne7 64. Rh6 Nf5 65. Rh1 Kc6 66. Re1 Bd7 67. Rg1 Ne7 68. Rg7 Kd6 69.
Kc3 Ke6 70. b4 Nf5 71. Rg1 Kd6 72. Rg6+ Ke5 73. b5 Ne7 74. Rg7 Ke6 75. Kb4
Nf5 76. Rg6+ Kf7 77. Ra6 Ke7 78. Kc5 Ng3 79. Ra1 Ne4+ 80. Kb6 Nd6 81. b3
Nc8+ 82. Kc7 {Black resigns} 1-0

[Event "ICC tourney 1901 (45 10)"]
[Site "Internet Chess Club"]
[Date "2020.07.04"]
[Round "3"]
[White "dpomerantz135"]
[Black "allez"]
[Result "1-0"]
[ICCResult "Black resigns"]
[WhiteElo "1829"]
[BlackElo "1640"]
[Opening "Sicilian: Anderssen variation"]
[ECO "B41"]
[NIC "SI.41"]
[Time "16:04:37"]
[TimeControl "2700+10"]

1. e4 c5 2. Nf3 e6 3. d4 cxd4 4. Nxd4 Nf6 5. Nc3 Nc6 6. Ndb5 Bc5 7. Nd6+ Ke7
8. Bf4 e5 9. Nf5+ Kf8 10. Bg5 h6 11. Bxf6 Qxf6 12. Nd5 Qd8 13. Qd2 d6 14.
Nfe3 Be6 15. O-O-O Rc8 16. Kb1 g6 17. c3 Kg7 18. Bc4 a6 19. f4 exf4 20. Nxf4
Bxe3 21. Nxe6+ fxe6 22. Qxe3 Qe7 23. Qh3 Rhe8 24. Rhf1 Ne5 25. Bb3 Rcd8 26.
Rf2 b5 27. Rfd2 a5 28. a3 b4 29. cxb4 axb4 30. a4 Nf7 31. Rd4 Rb8 32. Rxb4
Rbc8 33. Rb5 Ne5 34. Rf1 Nc6 35. Qc3+ Ne5 36. Qb4 Rc7 37. Rd1 Rd8 38. Rb6
Rcd7 39. a5 Qh4 40. Bxe6 Re7 41. Rbxd6 Rxd6 42. Qxd6 Qxe4+ 43. Ka1 Qa4+ 44.
Ba2 Re6 45. Qd5 Nc4 46. Qd7+ Qxd7 47. Rxd7+ Kf6 48. Bxc4 Re5 49. Rd6+ Kg5
50. Rd5 {Black resigns} 1-0

[Event "ICC tourney 1901 (45 10)"]
[Site "Internet Chess Club"]
[Date "2020.07.04"]
[Round "3"]
[White "AlohaKauai"]
[Black "espark"]
[Result "1/2-1/2"]
[ICCResult "Game drawn by mutual agreement"]
[WhiteElo "1362"]
[BlackElo "1382"]
[Opening "Dunst (Sleipner,Heinrichsen) opening"]
[ECO "A00"]
[NIC "VO.15"]
[Time "16:04:50"]
[TimeControl "2700+10"]

1. Nc3 e5 2. g3 Nf6 3. Bg2 d5 4. e4 c6 5. d3 Be7 6. f4 exf4 7. Bxf4 O-O 8.
Qd2 Be6 9. e5 Nfd7 10. Nf3 Na6 11. a3 Re8 12. O-O h6 13. Rae1 Bf8 14. d4 Nc7
15. Kh1 b5 16. Ne2 Nb6 17. Qd3 Nc4 18. Bc1 Qd7 19. Nf4 Bf5 20. Qd1 Be4 21.
Bh3 Qd8 22. Kg1 a5 23. Nd2 Nxd2 24. Bxd2 c5 25. c3 b4 26. axb4 axb4 27. Qg4
Ra6 28. Bg2 Bxg2 29. Kxg2 Qc8 30. Qxc8 Rxc8 31. dxc5 bxc3 32. Bxc3 Bxc5 33.
Rd1 Rd8 34. Rf3 d4 35. Rfd3 Nb5 36. Ne2 Ra4 37. Kf3 Rd7 38. b3 Ra3 39. Bxd4
Nxd4+ 40. Nxd4 Bxd4 41. Rxd4 Rxb3+ 42. Kf4 Rc7 43. R1d3 Rb5 44. h4 Rcc5 45.
Re3 h5 46. Rd8+ Kh7 47. Rd7 Rc4+ 48. Re4 Rc1 49. Re3 Rf1+ 50. Ke4 Rb4+ 51.
Rd4 Rb2 52. Rdd3 Rff2 53. Rf3 Rfe2+ 54. Rfe3 Rb4+ 55. Kf5 Ra2 56. Rf3 Ra6
57. Rf4 Rb5 58. Ke4 Rb4+ 59. Kf3 Rb7 60. Ke4 Re6 61. Rd5 Rbe7 62. Kd4 Rg6
63. Rf3 Rg4+ 64. Kd3 Ra7 65. Rc5 Ra3+ 66. Rc3 Raa4 67. Rc5 Rad4+ 68. Ke3
Rge4+ 69. Kf2 Rd2+ 70. Kf1 Ra4 71. Rc1 Kg6 72. Re1 Raa2 73. e6 fxe6 74.
Rxe6+ Kh7 75. Re1 Rh2 76. Kg1 Rag2+ 77. Kf1 Rd2 78. Kg1 Rdg2+ 79. Kf1 Rb2
80. Kg1 Rhc2 81. Kf1 Kh6 82. Re6+ g6 83. Re1 Ra2 84. Kg1 Rg2+ 85. Kf1 Rgd2
86. Kg1 g5 87. hxg5+ Kxg5 88. Rfe3 Kg4 89. Re4+ Kh3 90. Rh4+ Kxg3 91. Rxh5
Rg2+ 92. Kh1 Rge2 93. Rg5+ Kh3 94. Rh5+ Kg3 95. Rg5+ Kh3 96. Rh5+ Kg4 97.
Rxe2 Rxe2 98. Rh8 Kg3 99. Rg8+ Kh3 {Game drawn by mutual agreement} 1/2-1/2

[Event "ICC tourney 1901 (45 10)"]
[Site "Internet Chess Club"]
[Date "2020.07.04"]
[Round "4"]
[White "GGuseinov"]
[Black "manest"]
[Result "1/2-1/2"]
[ICCResult "Game drawn by mutual agreement"]
[WhiteElo "1846"]
[BlackElo "2383"]
[Opening "Ruy Lopez: exchange variation, Alapin gambit"]
[ECO "C68"]
[NIC "RL.08"]
[Time "18:30:42"]
[TimeControl "2700+10"]

1. e4 e5 2. Nf3 Nc6 3. Bb5 a6 4. Bxc6 dxc6 5. O-O Bg4 6. h3 h5 7. c3 Qd3 8.
hxg4 hxg4 9. Nxe5 Bd6 10. Nxd3 Bh2+ 11. Kh1 Bg3+ 12. Kg1 Bh2+
{Game drawn by mutual agreement}
1/2-1/2

[Event "ICC tourney 1901 (45 10)"]
[Site "Internet Chess Club"]
[Date "2020.07.04"]
[Round "4"]
[White "jy2020"]
[Black "chessmate09520"]
[Result "1-0"]
[ICCResult "Black checkmated"]
[WhiteElo "1653"]
[BlackElo "1386"]
[Opening "Sicilian: Nimzovich-Rossolimo attack (with ...g6, without ...d6)"]
[ECO "B31"]
[NIC "SI.31"]
[Time "18:30:30"]
[TimeControl "2700+10"]

1. e4 c5 2. Nf3 Nc6 3. Bb5 g6 4. Bxc6 dxc6 5. d3 Bg7 6. h3 e6 7. Nc3 Ne7 8.
Be3 b6 9. Qd2 O-O 10. Bh6 c4 11. Bxg7 Kxg7 12. dxc4 Ba6 13. b3 Qxd2+ 14.
Nxd2 c5 15. O-O-O Nc6 16. Nf3 Rfd8 17. a3 Bb7 18. Rhe1 h6 19. Nb5 Ba6 20.
Nc7 Bb7 21. Nxa8 Rxa8 22. Rd7 Rb8 23. Kb2 Na5 24. Ne5 Kf6 25. f4 Kg7 26.
Rxf7+ Kg8 27. Rf6 Nc6 28. Rxg6+ Kh7 29. Nxc6 Bxc6 30. Rxe6 Bb7 31. Rd1 Bc8
32. Re7+ Kg6 33. Rd6+ Kh5 34. Rd8 Rb7 35. Re5+ Kh4 36. Rxc8 Kg3 37. Rg8+
Kxf4 38. Ree8 Rd7 39. e5 Ke3 40. e6 Rd2 41. Rd8 Re2 42. e7 Kf2 43. e8=R h5
44. Rgf8+ Ke1 45. Rxe2+ Kxe2 46. g4 hxg4 47. hxg4 Ke3 48. g5 Ke4 49. g6 b5
50. cxb5 c4 51. bxc4 a5 52. bxa6 Ke3 53. g7 Ke4 54. g8=R Ke5 55. a7 Ke4 56.
a8=R Ke5 57. c5 Ke4 58. c6 Ke5 59. c7 Ke4 60. c8=R Ke5 61. Rab8 Ke4 62. a4
Ke5 63. a5 Ke4 64. a6 Ke5 65. a7 Ke4 66. a8=R Ke5 67. Rde8+ Kd5 68. Rg5+ Kd6
69. Rf6+ Kd7 70. Ra7# {Black checkmated} 1-0

[Event "ICC tourney 1901 (45 10)"]
[Site "Internet Chess Club"]
[Date "2020.07.04"]
[Round "4"]
[White "EzWin4All"]
[Black "Xuanli28"]
[Result "1-0"]
[ICCResult "Black checkmated"]
[WhiteElo "1634"]
[BlackElo "1744"]
[Opening "Sicilian: dragon, Yugoslav attack"]
[ECO "B75"]
[NIC "SI.17"]
[Time "18:30:41"]
[TimeControl "2700+10"]

1. e4 c5 2. Nf3 d6 3. d4 cxd4 4. Nxd4 Nf6 5. Nc3 g6 6. Be3 Bg7 7. f3 a6 8.
Qd2 h5 9. Bc4 b5 10. Bb3 Bb7 11. h4 Nbd7 12. O-O-O Rc8 13. Kb1 Ne5 14. Bg5
Nc4 15. Bxc4 Rxc4 16. Nde2 Qc7 17. Nf4 b4 18. Ncd5 Nxd5 19. Nxd5 Bxd5 20.
exd5 Bc3 21. Qe2 f6 22. Bc1 Kf7 23. bxc3 bxc3 24. Ka1 Rb8 25. Rhe1 Rcb4 26.
Bh6 Qd7 27. Qe6+ Qxe6 28. dxe6+ Kg8 29. Rb1 a5 30. Rxb4 Rxb4 31. Rb1 Rxh4
32. Rb8+ Kh7 33. Bf8 Rh2 34. Bxe7 Rxg2 35. Bxf6 Re2 36. Rh8# {Black
checkmated} 1-0

[Event "ICC tourney 1901 (45 10)"]
[Site "Internet Chess Club"]
[Date "2020.07.04"]
[Round "4"]
[White "kptl132"]
[Black "HR2005"]
[Result "0-1"]
[ICCResult "White resigns"]
[WhiteElo "1350"]
[BlackElo "1354"]
[Opening "Sicilian, Chekhover variation"]
[ECO "B53"]
[NIC "SI.02"]
[Time "18:30:58"]
[TimeControl "2700+10"]

1. e4 c5 2. Nf3 d6 3. d4 cxd4 4. Qxd4 Nc6 5. Qd3 Nf6 6. c4 g6 7. Nc3 Bg7 8.
Be2 O-O 9. h3 Nb4 10. Qd1 Be6 11. a3 Na6 12. O-O Rc8 13. Nd5 Nxe4 14. Be3
Nac5 15. Rb1 Bxd5 16. cxd5 a5 17. Bd4 a4 18. Bxg7 Kxg7 19. Qd4+ Nf6 20. Nh2
Qb6 21. Ng4 Rfe8 22. Rfe1 h5 23. Ne3 Qa5 24. Bxh5 Nb3 25. Qf4 Nxh5 26. Nf5+
Kg8 27. Qh6 Qd2 28. Re3 Qc2 29. Rbe1 Qxf5 30. g4 Qf4 {White resigns} 0-1

[Event "ICC tourney 1901 (45 10)"]
[Site "Internet Chess Club"]
[Date "2020.07.04"]
[Round "4"]
[White "RagingKnightNC"]
[Black "rtahmass"]
[Result "1-0"]
[ICCResult "Black resigns"]
[WhiteElo "1652"]
[BlackElo "1520"]
[Opening "Ruy Lopez: Cozio defense deferred"]
[ECO "C70"]
[NIC "RL.09"]
[Time "18:30:40"]
[TimeControl "2700+10"]

1. e4 e5 2. Nf3 Nc6 3. Bb5 a6 4. Ba4 Nge7 5. O-O g6 6. c3 Bg7 7. d4 exd4 8.
cxd4 b5 9. Bc2 d6 10. h3 O-O 11. Nc3 Bb7 12. Bg5 h6 13. Bh4 g5 14. Bg3 Ng6
15. Nd5 Nce7 16. Ne3 c5 17. d5 Bxb2 18. Rb1 Bg7 19. h4 gxh4 20. Nxh4 Bc8 21.
Qh5 Qc7 22. Nhf5 Nxf5 23. exf5 Ne5 24. Bxe5 Bxe5 25. f6 Bf4 26. Nf5
{Black resigns}
1-0

[Event "ICC tourney 1901 (45 10)"]
[Site "Internet Chess Club"]
[Date "2020.07.04"]
[Round "4"]
[White "Chessking2008"]
[Black "Chessulanru2020"]
[Result "0-1"]
[ICCResult "White resigns"]
[WhiteElo "1578"]
[BlackElo "1579"]
[Opening "English: Mikenas-Carls variation"]
[ECO "A18"]
[NIC "EO.64"]
[Time "18:30:47"]
[TimeControl "2700+10"]

1. c4 Nf6 2. Nc3 e6 3. e4 d6 4. d4 Nbd7 5. f4 e5 6. fxe5 dxe5 7. dxe5 Nxe5
8. Qxd8+ Kxd8 9. Bg5 c6 10. Nf3 Nxf3+ 11. gxf3 Be7 12. O-O-O+ Ke8 13. a3 Nh5
14. Be3 Be6 15. Be2 g5 16. e5 Nf4 17. Bxf4 gxf4 18. Ne4 Rd8 19. c5 Rd5 20.
Rxd5 Bxd5 21. Nd6+ Bxd6 22. exd6 Rg8 23. Kd1 b6 24. b4 Kd7 25. Ke1 bxc5 26.
bxc5 Rb8 27. Kd2 Rb2+ 28. Kd3 Rb3+ 29. Kd4 Rxa3 30. Rb1 Ke6 31. Rb7 Ra4+ 32.
Kc3 Ra3+ 33. Kd2 Ra5 34. Rd7 Kxd7 {White resigns} 0-1

[Event "ICC tourney 1901 (45 10)"]
[Site "Internet Chess Club"]
[Date "2020.07.04"]
[Round "4"]
[White "hilariouspanda"]
[Black "JosephLevine"]
[Result "1-0"]
[ICCResult "Black checkmated"]
[WhiteElo "1414"]
[BlackElo "1255"]
[Opening "Queen's pawn, Mason variation"]
[ECO "D00"]
[NIC "QP.08"]
[Time "18:30:57"]
[TimeControl "2700+10"]

1. d4 d5 2. Bf4 Nf6 3. e3 Bf5 4. c3 e6 5. Nf3 c5 6. Bxb8 Qxb8 7. Bb5+ Kd8 8.
Ne5 Qc7 9. Nd2 Bd6 10. f4 h5 11. Qe2 c4 12. O-O Ke7 13. h3 Rag8 14. Nexc4
dxc4 15. e4 Nxe4 16. Nxe4 Bxf4 17. Bxc4 g5 18. d5 g4 19. d6+ Bxd6 20. Nxd6
Qc5+ 21. Kh1 Kxd6 22. b4 Qb6 23. Rad1+ Kc7 24. Rxf5 exf5 25. Qe5+ Kc8 26.
Bxf7 Qc7 27. Qe6+ Kb8 28. Bxg8 a6 29. Qe8+ Ka7 30. Rd8 gxh3 31. Ra8+ Kb6 32.
Qe3+ Kb5 33. Qd3+ Kb6 34. Qd4+ Kb5 35. Qd5+ Kb6 36. Qa5+ Kc6 37. Bd5+ Kd7
38. Qxc7+ Kxc7 39. Rxh8 hxg2+ 40. Kxg2 Kb6 41. Rxh5 Kb5 42. Bb3 a5 43. a4+
Kb6 44. Rh6+ Ka7 45. b5 f4 46. Kf3 b6 47. Rh7+ Kb8 48. Kxf4 Ka8 49. Ke5 Kb8
50. Kd6 Ka8 51. Kc6 Kb8 52. Be6 Ka8 53. Kxb6 Kb8 54. Rh8# {Black checkmated}
1-0

[Event "ICC tourney 1901 (45 10)"]
[Site "Internet Chess Club"]
[Date "2020.07.04"]
[Round "4"]
[White "woodychess"]
[Black "Brian6712"]
[Result "1/2-1/2"]
[ICCResult "Game drawn by repetition"]
[WhiteElo "1604"]
[BlackElo "1513"]
[Opening "King's Indian: 3.g3"]
[ECO "E60"]
[NIC "KI.80"]
[Time "18:30:53"]
[TimeControl "2700+10"]

1. d4 Nf6 2. c4 g6 3. g3 Bg7 4. Bg2 c6 5. Nc3 d5 6. cxd5 cxd5 7. Nf3 O-O 8.
O-O Nc6 9. Ne5 Be6 10. Nxc6 bxc6 11. Na4 Nd7 12. Bf4 Bf5 13. Rc1 Rc8 14. Qd2
e5 15. Bg5 Qe8 16. dxe5 Qxe5 17. Rfd1 Nb6 18. Bf4 Qf6 19. Bg5 Qe5 20. b3
Nxa4 21. bxa4 Rfe8 22. Qe3 Qxe3 23. Bxe3 d4 24. Bxd4 Bxd4 25. Rxd4 Rxe2 26.
Bxc6 Rxa2 27. Rdc4 Rd8 28. Bb5 Be6 29. Rf4 Rdd2 30. h4 h6 31. Be8 Rac2 32.
Rb1 Rb2 33. Rc1 Rbc2 34. Rb1 Rb2 35. Rc1 Rbc2 36. Rb1 Rb2 37. Rc1 Rbc2 38.
Rb1 Rb2 39. Rc1 {Game drawn by repetition} 1/2-1/2

[Event "ICC tourney 1901 (45 10)"]
[Site "Internet Chess Club"]
[Date "2020.07.04"]
[Round "4"]
[White "GutsyEdge"]
[Black "IAlwaysWin"]
[Result "1/2-1/2"]
[ICCResult "Game drawn by repetition"]
[WhiteElo "1327"]
[BlackElo "1813"]
[Opening "Queen's gambit declined"]
[ECO "D30"]
[NIC "QP.08"]
[Time "18:30:58"]
[TimeControl "2700+10"]

1. d4 d5 2. c4 e6 3. Nf3 a6 4. cxd5 exd5 5. Nc3 Nf6 6. Bg5 Be7 7. e3 O-O 8.
h3 h6 9. Bh4 b6 10. Bd3 Bb7 11. O-O Nbd7 12. Qc2 Re8 13. Ne5 Nxe5 14. dxe5
Ne4 15. Bxe7 Qxe7 16. Nxe4 dxe4 17. Bxe4 Bxe4 18. Qxe4 Qxe5 19. Qxe5 Rxe5
20. Rac1 c5 21. Rfd1 Re6 22. Rd7 Rc8 23. a4 Re4 24. b3 Rb4 25. Rc3 b5 26.
Rd5 c4 27. bxc4 Rbxc4 28. Ra3 b4 29. Rb3 R8c6 30. Rd8+ Kh7 31. a5 R6c5 32.
Rb8 Rxa5 33. R8xb4 Rxb4 34. Rxb4 Ra2 35. g4 Kg6 36. Kg2 a5 37. Rb6+ f6 38.
h4 h5 39. g5 Ra4 40. gxf6 gxf6 41. Ra6 Kf5 42. Kg3 Ra1 43. Kf3 a4 44. Ra5+
Kg6 45. Ra8 a3 46. Ra7 a2 47. Ra5 Rh1 48. Rxa2 Rxh4 49. Kg3 Rh1 50. Kg2 Rb1
51. Ra8 Kg5 52. Ra5+ Kg6 53. Kg3 Rg1+ 54. Kf3 f5 55. Ra8 Rb1 56. Rg8+ Kf6
57. Rh8 Kg5 58. Rg8+ Kh4 59. Rg2 Rb4 60. Rg1 Ra4 61. Rd1 Kg5 62. Rg1+ Kf6
63. Rg8 h4 64. Rh8 Rb4 65. Kg2 Kg5 66. f4+ Kg4 67. Rg8+ Kh5 68. Rg5+ Kh6 69.
Rxf5 Rb1 70. e4 Re1 71. e5 Re3 72. Rf8 Kh5 73. Rg8 h3+ 74. Kh2 Kh4 75. Rg7
Re2+ 76. Kh1 Re4 77. f5 Rxe5 78. f6 Rf5 79. f7 Kh5 80. Kh2 Kh6 81. Rg3 Rxf7
82. Rxh3+ Kg6 83. Rg3+ Kh6 84. Rh3+ Kg6 85. Rg3+ Kh6 86. Rh3+ Kg6 87. Rg3+
Kh6 88. Rh3+ Kg6 89. Rg3+ Kh6 90. Rh3+ {Game drawn by repetition} 1/2-1/2

[Event "ICC tourney 1901 (45 10)"]
[Site "Internet Chess Club"]
[Date "2020.07.04"]
[Round "4"]
[White "Chesslegend21"]
[Black "shianen"]
[Result "1-0"]
[ICCResult "Black resigns"]
[WhiteElo "1650"]
[BlackElo "1593"]
[Opening "QGD Slav defense: exchange variation"]
[ECO "D10"]
[NIC "SL.01"]
[Time "18:30:32"]
[TimeControl "2700+10"]

1. d4 d5 2. c4 c6 3. cxd5 cxd5 4. Nc3 Nf6 5. Bf4 a6 6. e3 Bf5 7. Bd3 Bxd3 8.
Qxd3 Nc6 9. Nf3 e6 10. O-O Be7 11. h3 h6 12. Ne5 Nd7 13. Nxd7 Qxd7 14. Na4
Qd8 15. Rac1 Rc8 16. Qb3 b5 17. Nc5 Bxc5 18. Rxc5 O-O 19. Rfc1 Na5 20. Qb4
Rxc5 21. Rxc5 Nc4 22. b3 Nd6 23. Bxd6 Qxd6 24. Rxb5 Qd8 25. Rb7 Qg5 26. Rb8
Rxb8 27. Qxb8+ Kh7 28. Qa7 f5 29. Qxa6 Qf6 30. Qd6 g5 31. b4 f4 32. b5 fxe3
33. fxe3 g4 34. hxg4 Qh4 35. Qc7+ Kg6 36. Qc2+ Kg7 37. Qc1 Qd8 38. Qb2 Qa5
39. Qb1 Qd2 40. b6 Qxe3+ 41. Kh1 Qg3 42. b7 Qb8 43. a4 Kf6 44. a5 Kg5 45. a6
Kxg4 46. a7 Qxa7 47. b8=Q Qxd4 48. Q8b4 Qxb4 49. Qxb4+ Kf5 50. Qd4
{Black resigns}
1-0

[Event "ICC tourney 1901 (45 10)"]
[Site "Internet Chess Club"]
[Date "2020.07.04"]
[Round "4"]
[White "vyomvidy"]
[Black "Aleksandrov73"]
[Result "1/2-1/2"]
[ICCResult "Game drawn by mutual agreement"]
[WhiteElo "1611"]
[BlackElo "1720"]
[Opening "Queen's pawn game"]
[ECO "D00"]
[NIC "QP.07"]
[Time "18:30:40"]
[TimeControl "2700+10"]

1. d4 Nf6 2. Nc3 d5 3. Bf4 a6 4. e3 Bf5 5. f3 h5 6. Bd3 e6 7. Bxf5 exf5 8.
Qd3 g6 9. O-O-O Bd6 10. Bg5 Be7 11. Bxf6 Bxf6 12. e4 dxe4 13. fxe4 Nc6 14.
exf5 Qxd4 15. fxg6 Qxd3 16. gxf7+ Kxf7 17. Rxd3 Rad8 18. Nd5 Ne5 19. Rd1 Nc4
20. Nxf6 Rxd1+ 21. Kxd1 Kxf6 22. Kc1 Ne3 23. g3 Kg5 24. Nf3+ Kg4 25. Ne5+
Kh3 26. Ng6 Kg2 27. Nxh8 Kxh1 28. Ng6 Kxh2 {Game drawn by mutual agreement}
1/2-1/2

[Event "ICC tourney 1901 (45 10)"]
[Site "Internet Chess Club"]
[Date "2020.07.04"]
[Round "4"]
[White "TjkTiger"]
[Black "hydroblade"]
[Result "1-0"]
[ICCResult "Black resigns"]
[WhiteElo "1493"]
[BlackElo "1554"]
[Opening "King's Indian: fianchetto, lesser Simagin (Spassky) variation"]
[ECO "E62"]
[NIC "KI.72"]
[Time "18:30:44"]
[TimeControl "2700+10"]

1. c4 Nf6 2. Nc3 g6 3. g3 Bg7 4. Bg2 O-O 5. d4 d6 6. Nf3 Nc6 7. O-O Bf5 8.
d5 Na5 9. b3 c5 10. Bd2 a6 11. Qe1 b6 12. Rc1 Ne4 13. Nxe4 Bxe4 14. Bh3 Bxf3
15. exf3 Nb7 16. Qe2 Qc7 17. Rfe1 Rae8 18. f4 Nd8 19. f5 e5 20. Qd3 Qe7 21.
Bg4 e4 22. Qc2 Bd4 23. Bh6 Bg7 24. Bf4 Bd4 25. h4 f6 26. Bh6 Rf7 27. Re2 Qe5
28. Bf4 Qe7 29. Rce1 Qd7 30. Rxe4 Ref8 31. Bh6 gxf5 32. Bxf8 Rxf8 33. Re7
{Black resigns}
1-0

[Event "ICC tourney 1901 (45 10)"]
[Site "Internet Chess Club"]
[Date "2020.07.04"]
[Round "4"]
[White "helavir"]
[Black "dpomerantz135"]
[Result "1-0"]
[ICCResult "Black resigns"]
[WhiteElo "1853"]
[BlackElo "1822"]
[Opening "Sicilian: Taimanov variation"]
[ECO "B49"]
[NIC "SI.40"]
[Time "18:30:49"]
[TimeControl "2700+10"]

1. e4 c5 2. Nf3 e6 3. d4 cxd4 4. Nxd4 Nc6 5. Nc3 Qc7 6. Be3 a6 7. Be2 Nf6 8.
O-O Bb4 9. Na4 Be7 10. Nxc6 bxc6 11. Nb6 Rb8 12. Nxc8 Qxc8 13. Bd4 c5 14.
Be5 Rb6 15. Qd3 d6 16. Bc3 O-O 17. b3 d5 18. exd5 Nxd5 19. Be5 Bf6 20. Bxf6
Nf4 21. Qf3 Nxe2+ 22. Qxe2 gxf6 23. Qg4+ Kh8 24. Qh4 e5 25. Rad1 Rd8 26. Qc4
Rxd1 27. Rxd1 Qc7 28. h3 f5 29. Rd5 Rg6 30. Rxc5 Qb7 31. Qd5 Qxd5 32. Rxd5
Re6 33. c4 Kg7 34. b4 Kf6 35. b5 axb5 36. cxb5 Re8 37. b6 Ke6 38. Rb5 Kd6
39. a4 Kc6 40. Rb1 Kb7 41. Rb5 f6 42. a5 Kc6 43. Rb1 Kb7 44. Rc1 Ka6 45. Rc5
Rd8 46. f4 Rd1+ 47. Kf2 Rd2+ 48. Kf1 Rd1+ 49. Ke2 Rg1 50. Kf2 Ra1 51. fxe5
fxe5 52. Rxe5 Ra2+ 53. Kf3 Ra3+ 54. Kf4 Ra2 55. Re7 {Black resigns} 1-0

[Event "ICC tourney 1901 (45 10)"]
[Site "Internet Chess Club"]
[Date "2020.07.04"]
[Round "4"]
[White "fishbein"]
[Black "bpovo1394"]
[Result "1-0"]
[ICCResult "Black resigns"]
[WhiteElo "1700"]
[BlackElo "1705"]
[Opening "QGD Slav: 3.Nf3"]
[ECO "D11"]
[NIC "QP.09"]
[Time "18:30:32"]
[TimeControl "2700+10"]

1. Nf3 d5 2. c4 c6 3. d4 Nf6 4. Qc2 dxc4 5. Qxc4 Bf5 6. g3 e6 7. Bg2 Be7 8.
O-O h6 9. Nc3 O-O 10. Re1 Nbd7 11. e4 Bh7 12. Qe2 Nb6 13. Rd1 Qc8 14. Ne5
Rd8 15. b3 c5 16. d5 exd5 17. exd5 Bd6 18. Nb5 Bxe5 19. Qxe5 Re8 20. Qb2 Qg4
21. Be3 Nbxd5 22. Rxd5 Nxd5 23. Bxd5 Rad8 24. h3 Qxh3 25. Bg2 Qg4 26. Nc3 h5
27. Qe2 Rd3 28. Qxg4 hxg4 29. Rc1 b6 30. Bf4 Bf5 31. Bf1 Rdd8 32. Nb5 Rd7
33. Nd6 Rxd6 34. Bxd6 Rd8 35. Bf4 Rd4 36. Be3 Rd6 37. Be2 Kh7 38. Rd1 Re6
39. Rd5 Kg6 40. Bxg4 {Black resigns} 1-0

[Event "ICC tourney 1901 (45 10)"]
[Site "Internet Chess Club"]
[Date "2020.07.04"]
[Round "4"]
[White "ganzy"]
[Black "blitzer102"]
[Result "1-0"]
[ICCResult "Black resigns"]
[WhiteElo "1526"]
[BlackElo "1402"]
[Opening "Four knights: Spanish variation"]
[ECO "C48"]
[NIC "KP.03"]
[Time "18:31:26"]
[TimeControl "2700+10"]

1. e4 e5 2. Nf3 Nc6 3. Nc3 Nf6 4. Bb5 Bd6 5. Bxc6 dxc6 6. d4 exd4 7. Qxd4
Be7 8. Bg5 Qxd4 9. Nxd4 Bg4 10. f3 Bd7 11. O-O-O h6 12. Bh4 Nxe4 13. Rde1
Nf6 14. Bg3 Kd8 15. Bxc7+ Kxc7 16. Rxe7 Rhf8 17. Rhe1 Rae8 18. g4 Rxe7 19.
Rxe7 a6 20. h4 Kd6 21. Re2 c5 22. Nb3 b6 23. g5 Nh5 24. Nd2 f5 25. Nc4+ Kc6
26. Ne5+ Kd6 27. Nc4+ Kc6 28. Rd2 Re8 29. Rd6+ Kc7 30. Nd5+ Kd8 31. Ncxb6
{Black resigns}
1-0

[Event "ICC tourney 1901 (45 10)"]
[Site "Internet Chess Club"]
[Date "2020.07.04"]
[Round "4"]
[White "allez"]
[Black "NK3"]
[Result "1-0"]
[ICCResult "Black forfeits on time"]
[WhiteElo "1690"]
[BlackElo "1875"]
[Opening "Nimzo-Indian: Kmoch variation"]
[ECO "E20"]
[NIC "NI.30"]
[Time "18:30:42"]
[TimeControl "2700+10"]

1. d4 Nf6 2. c4 e6 3. Nc3 Bb4 4. f3 d5 5. a3 Be7 6. e4 dxe4 7. fxe4 e5 8. d5
Bc5 9. Nf3 Bg4 10. h3 Bxf3 11. Qxf3 Nbd7 12. Bg5 c6 13. O-O-O a5 14. Bd3 a4
15. Rhf1 Qb6 16. g4 Bd4 17. Bc2 O-O 18. h4 Qc5 19. Ne2 Qxc4 20. Bxf6 Nxf6
21. Nxd4 exd4 22. Kb1 cxd5 23. exd5 Qxd5 24. Qd3 Rfe8 25. g5 Re3 26. Qxd4
Qxd4 27. Rxd4 Nh5 28. Rd7 f6 29. g6 hxg6 30. Bxg6 Ng3 31. Rc1
{Black forfeits on time}
1-0

[Event "ICC tourney 1901 (45 10)"]
[Site "Internet Chess Club"]
[Date "2020.07.04"]
[Round "4"]
[White "penguinwizard"]
[Black "PawnEatingZombi"]
[Result "1/2-1/2"]
[ICCResult "Game drawn by mutual agreement"]
[WhiteElo "1636"]
[BlackElo "1654"]
[Opening "QGD: 3.Nc3"]
[ECO "D31"]
[NIC "QP.08"]
[Time "18:30:39"]
[TimeControl "2700+10"]

1. d4 d5 2. c4 e6 3. Nc3 Bb4 4. cxd5 exd5 5. Nf3 c6 6. Qb3 Qb6 7. a3 Bd6 8.
Qc2 Ne7 9. e4 dxe4 10. Nxe4 Qc7 11. Bd3 h6 12. O-O Be6 13. Bd2 a5 14. b4 a4
15. b5 O-O 16. Nxd6 Qxd6 17. Bb4 Qd8 18. Rfe1 Nd7 19. bxc6 bxc6 20. Bc4 c5
21. dxc5 Bxc4 22. Qxc4 Nc6 23. Rad1 Qc7 24. Bc3 Rfe8 25. Qg4 Nde5 26. Nxe5
Nxe5 27. Qd4 f6 28. Qd5+ Kh8 29. Bxe5 fxe5 30. Qd6 Rac8 31. Qxc7 Rxc7 32.
Rc1 Kg8 33. Re4 Rd8 34. g3 Rd5 35. Rxa4 Rdxc5 36. Rxc5 Rxc5 37. Kg2 Rc3 38.
h4 Kf7 39. Ra7+ Kf6 40. a4 h5 41. a5 Ra3 42. a6 Kg6 43. Ra8 Kh7 44. Kf1 Kg6
45. Ke2 Kh7 46. Kd2 Kg6 47. a7 Kh7 48. f3 Kg6 49. Kc2 Kh7 50. Kb2 Ra5 51.
Kb3 Kg6 52. Kb4 Ra1 53. Kb5 Ra2 54. Kb6 Rb2+ 55. Kc6 Ra2 56. g4 hxg4 57.
fxg4 e4 58. Kb6 Rb2+ 59. Kc5 Ra2 60. Kd4 Ra4+ 61. Ke3 Kf7 62. h5 Ra3+ 63.
Kxe4 Ra5 64. h6 Kg6 65. hxg7 Kxg7 66. Kf4 Ra1 67. Kg5 Ra5+ 68. Kh4 Ra4 69.
Kg3 Ra3+ 70. Kf4 Ra4+ 71. Kf3 Ra3+ 72. Ke4 Ra4+ 73. Kd3 Ra3+ 74. Kc4 Ra1 75.
g5 Ra2 76. g6 Ra1 77. Kd5 Rd1+ 78. Ke4 Ra1 79. Kd4 Ra2 80. Ke4 Ra1 81. Kf5
Rf1+ 82. Kg5 Rg1+ 83. Kh5 Rh1+ 84. Kg4 Rg1+ 85. Kf3 Ra1 86. Ke4
{Game drawn by mutual agreement}
1/2-1/2